AoeStats
← Robermad

MegaRandom

510819115Analyzed
2v2 RM · 17h ago on Oct 2, 2026· 24m 33s· 4 players
Game mode
Random Map
Map size
Medium (4 player)
Population
200
Speed
Normal
Resources
Standard
Victory
Conquest
Starting age
Dark Age
Ending age
Imperial Age
RankedLock teamsTeams togetherTeam positionsShared explorationLock speedFull tech treeHidden civsTurbo modeCheats
Victory
Defeat
🇦🇷 Bohemians · Argentina
1132
+16
🇳🇱 Bulgarians · Netherlands
1079
+17
🇪🇸 Vikings · Spain
1159
-18
🇪🇸 Mongols · Spain
1087
-15
Mike B
8:38 Feudal Age
7:30 Loom
13:07 Castle Age
12:20 Forging
12:15 Scale Barding Armor
12:11 Scale Mail Armor
12:26 Double-Bit Axe
14:13 Bloodlines
15:35 Husbandry
16:59 Iron Casting
16:47 Chain Barding Armor
17:33 Horse Collar
19:48 Chain Mail Armor
21:12 Wheelbarrow
20:22 Town Watch
[VL] Tupen Dior
8:48 Feudal Age
9:27 Loom
11:30 Forging
12:10 Scale Barding Armor
19:01 Castle Age
20:23 Iron Casting
20:45 Husbandry
21:30 Chain Barding Armor
Robermad
8:57 Feudal Age
7:16 Loom
9:02 Feudal Age
11:21 Double-Bit Axe
11:21 Horse Collar
14:35 Castle Age
13:17 Forging
13:13 Scale Barding Armor
13:59 Fletching
15:13 Bodkin Arrow
14:59 Crossbowman
20:00 Pikeman
20:40 Squires
FURIOUSPAKO
7:41 Loom
9:39 Feudal Age
11:00 Double-Bit Axe
13:47 Castle Age
18:34 Fletching
18:46 Padded Archer Armor
20:04 Bodkin Arrow
20:24 Leather Archer Armor
20:42 Bow Saw
22:44 Husbandry
22:54 Bloodlines
22:40 Town Watch
Connection lost

Rejoining the realm…

Still unreachable

The connection could not be restored.

Session expired

The server has moved on; the page needs a fresh start.